 Dungeon Crawl Stone Soup version 0.23.2-1-ga50397a (webtiles) character file.

Game seed: 3319907296521708020

30 MalarOregon the Ruffian (level 3, 0/30 HPs)
             Began as a Ghoul Warper on May 28, 2019.
             Slain by a bat (1 damage)
             ... on level 2 of the Dungeon.
             The game lasted 00:01:55 (1392 turns).

MalarOregon the Ruffian (Ghoul Warper)              Turns: 1392, Time: 00:01:56

Health: 0/30       AC:  3    Str: 14    XL:     3   Next: 20%
Magic:  4/4        EV: 12    Int:  9    God:
Gold:   57         SH:  0    Dex:  8    Spells: 5/5 levels left

rFire    . . .     SeeInvis .     - Unarmed
rCold    + . .     Gourm    .   (no shield)
rNeg     + + +     Faith    .   a - +0 leather armour
rPois    ∞         Spirit   .   (no helmet)
rElec    .         Reflect  .   (no cloak)
rCorr    +         Harm     .   (no gloves)
MR       .....                  (no boots)
Stlth    +.........             h - amulet of inaccuracy (curse)
HPRegen  0.00/turn              k - ring of resist corrosion
MPRegen  0.09/turn              (no ring)

@: rotting
A: rotting body, claws 1, carnivore, cold resistance 1, negative energy
resistance 3, inhibited regeneration, torment resistance, unbreathing
a: no special abilities


You were on level 2 of the Dungeon.
You were not hungry.

You visited 1 branch of the dungeon, and saw 2 of its levels.

You collected 57 gold pieces.

Inventory:

Missiles
 d - 5 tomahawks of dispersal (quivered) {!f}
 g - 14 poisoned needles
Armour
 a - a +0 leather armour (worn)
Jewellery
 h - a cursed amulet of inaccuracy (around neck)
   (You found it on level 2 of the Dungeon)
 k - a ring of resist corrosion (left claw)
   (You found it on level 2 of the Dungeon)
Scrolls
 b - a scroll of fear
 c - a scroll of blinking
 f - a scroll of identify {@r1}
 j - a scroll of teleportation {@r4}
Comestibles
 e - 3 rations {!d}
 i - 3 chunks of flesh


   Skills:
 + Level 2.7 Fighting
 - Level 0.8 Throwing
 - Level 0.8 Armour
 + Level 2.2 Dodging
 * Level 3.1 Unarmed Combat
 - Level 1.7 Spellcasting
   Level 2.6 Translocations


You had 5 spell levels left.
You didn't know any spells.
Your spell library contained the following spells:

 Spells                   Type           Power        Failure   Level  Hunger
 Blink                    Tloc           N/A          22%         2    ###....
 Shroud of Golubria       Chrm/Tloc      #.........   36%         2    ###....
 Gell's Gravitas          Tloc           #.........   38%         3    ####...
 Lesser Beckoning         Tloc           #.........   38%         3    ####...
 Teleport Other           Tloc           #.......     38%         3    ####...
 Passage of Golubria      Tloc           N/A          80%         4    #####..


Dungeon Overview and Level Annotations

Branches:
Dungeon (2/15)

Altars:


Innate Abilities, Weirdness & Mutations

Your body is rotting away.
You thrive on raw meat.
You are immune to poison.
You have sharp fingernails.
You are carnivorous and can eat meat at any time.
Your flesh is cold resistant. (rC+)
You are immune to negative energy. (rN+++)
You do not regenerate when monsters are visible.
You are immune to unholy pain and torment.
You can survive without breathing.


Message History

You closely miss the goblin. The bat hits you but does no damage.
The goblin hits you with a +0 spear.
* * * LOW HITPOINT WARNING * * *
You scratch the goblin.
You kill the goblin!
The bat barely misses you.
You miss the bat. The bat closely misses you. The bat barely misses you.
A ball python comes into view.
The ball python hisses angrily.
You see here a +0 short sword.
You scratch the bat. The bat barely misses you. The bat hits you.
* * * LOW HITPOINT WARNING * * *
The bat hits you but does no damage.
You miss the bat. The bat hits you but does no damage.
You closely miss the ball python.
The ball python bites you but does no damage.
The ball python grabs you. The ball python constricts you.
You barely miss the ball python.
The ball python bites you but does no damage.
* * * LOW HITPOINT WARNING * * *
The ball python constricts you.
You closely miss the ball python. The ball python barely misses you.
The ball python constricts you.
You claw the ball python!
You kill the ball python!
The bat closely misses you.
Unknown command.
You miss the bat. The bat completely misses you.
You miss the bat. The bat hits you but does no damage.
You closely miss the bat. The bat hits you but does no damage.
The bat hits you.
* * * LOW HITPOINT WARNING * * *
The bat hits you.
* * * LOW HITPOINT WARNING * * *
The bat hits you.
* * * LOW HITPOINT WARNING * * *
You see here a ball python corpse.
You closely miss the bat. The bat closely misses you.
The bat barely misses you.
You barely miss the bat. The bat hits you but does no damage.
You scratch the bat but do no damage. The bat closely misses you. x3
You miss the bat. The bat barely misses you.
The bat hits you but does no damage.
You miss the bat. The bat barely misses you. The bat barely misses you.
You barely miss the bat. The bat hits you.
* * * LOW HITPOINT WARNING * * *
The bat hits you.
You die...

.#######.#.#####.#.....# .##
#.#.# #.#.....# ..# #.#.#
#.#.....# #.# #.#.#
#.#.....# #.# #.#.#
#.#.....# #.## #.#.#
#.##'#### #..#
#.#.#####.##.######## ...#
#......†b.##.........
...#######.#####@...########
..........)....+....'<#
..#.####.....###....###
..#.# #.<.).# #....# ###.#
#.....# #....# .#
#............#
##..##.......# #..##........
#..##........


You could see a bat.

Vanquished Creatures
  2 adders (D:2)
  A bat (D:1)
  4 goblins
  A hobgoblin (D:2)
  A quokka (D:2)
  A ball python (D:2)
  2 kobolds
  A rat (D:1)
13 creatures vanquished.

Notes
Turn   | Place    | Note
-------+----------+-------------------------------------------
     0 | D:1      | MalarOregon the Ghoul Warper began the quest for the Orb.
     0 | D:1      | Reached XP level 1. HP: 17/17 MP: 2/2
   967 | D:2      | Reached XP level 2. HP: 16/25 MP: 3/3
  1180 | D:2      | Reached skill level 3 in Unarmed Combat
  1180 | D:2      | Reached XP level 3. HP: 18/30 MP: 4/4
  1392 | D:2      | HP: 1/30 [bat (1)]
  1392 | D:2      | Slain by a bat

Skill      XL: |  1  2 |
---------------+-------+-----
Dodging        | 2 |  2.2
Unarmed Combat | 3 |  3.1
Fighting       | |  2.7
Throwing       | |  0.8
Armour         | |  0.8
Spellcasting   | |  1.7
Translocations | |  2.6

Action                   || total
-------------------------++-------
Melee: Unarmed           ||    76
  Use: Scroll            ||     4
  Eat: Chunk             ||     2
Armor: Leather armour    ||    24
Dodge: Dodged            ||    65
